 Dungeon Crawl Stone Soup version 0.29.0-4-gdea44cf6ec (webtiles) character file.

Game seed: 16880152795511299665

7 Destructed3 the Charlatan (level 2, 0/23 HPs)
             Began as a Gnoll Artificer on Aug 27, 2022.
             Slain by a hobgoblin (2 damage)
             ... on level 1 of the Dungeon.
             The game lasted 00:00:59 (538 turns).

Destructed3 the Charlatan (Gnoll Artificer)          Turns: 538, Time: 00:01:00

Health: 0/23       AC:  3    Str: 11    XL:     2   Next: 0%
Magic:  2/2        EV: 12    Int: 10    God:
Gold:   26         SH:  0    Dex: 12    Spells: 1/1 levels left

rFire   . . .      SeeInvis .   a - +0 club
rCold   . . .      Faith    .   (no shield)
rNeg    . . .      Spirit   .   b - +0 leather armour
rPois   .          Reflect  .   (no helmet)
rElec   .          Harm     .   (no cloak)
rCorr   .          Rampage  .   (no gloves)
Will    .....                   (no boots)
Stlth   ++........              (no amulet)
HPRegen 0.07/turn               (no ring)
MPRegen 0.08/turn               (no ring)

@: no status effects
A: fangs 1, strong nose, distributed training
a: no special abilities


You were on level 1 of the Dungeon.
You visited 1 branch of the dungeon, and saw 1 of its levels.

You collected 26 gold pieces.

Inventory:

Hand Weapons
 a - a +0 club (weapon)
Armour
 b - a +0 leather armour (worn)
 f - a +0 chain mail
Wands
 c - a wand of flame (15) (quivered)
 d - a wand of charming (15)
 e - a wand of iceblast (5)
Potions
 g - a potion of lignification {unknown}


   Skills:
 + Level 2.4 Fighting
 + Level 0.2 Short Blades
 + Level 0.2 Long Blades
 + Level 0.2 Axes
 + Level 0.2 Maces & Flails
 + Level 0.2 Polearms
 + Level 0.2 Staves
 + Level 0.2 Ranged Weapons
 + Level 0.2 Throwing
 + Level 4.4 Armour
 + Level 2.4 Dodging
 + Level 2.2 Stealth
 + Level 0.2 Shields
 + Level 0.2 Unarmed Combat
 + Level 0.2 Spellcasting
 + Level 0.1 Conjurations
 + Level 0.1 Hexes
 + Level 0.1 Summonings
 + Level 0.1 Necromancy
 + Level 0.1 Translocations
 + Level 0.1 Transmutations
 + Level 0.1 Fire Magic
 + Level 0.1 Ice Magic
 + Level 0.1 Air Magic
 + Level 0.1 Earth Magic
 + Level 0.1 Poison Magic
 + Level 0.3 Invocations
 + Level 6.4 Evocations


You had one spell level left.
You didn't know any spells.
Your spell library was empty.

Dungeon Overview and Level Annotations

Branches:
Dungeon (1/15)

Altars:


Innate Abilities, Weirdness & Mutations

You have very sharp teeth.
Your uncanny sense of smell can sniff out nearby items.
Your experience applies equally to all skills.


Message History

The giant cockroach closely misses you. The hobgoblin barely misses you.
The giant cockroach closely misses you.
You hit the dart slug.
The dart slug is heavily wounded.
The hobgoblin hits you. The ball python bites you.
The ball python closely misses you.
The giant cockroach completely misses you.
The dart slug barely misses you.
You hit the dart slug.
The dart slug is heavily wounded.
The ball python bites you but does no damage.
The ball python barely misses you.
The giant cockroach bites you but does no damage.
The hobgoblin closely misses you. The dart slug barely misses you.
The ball python bites you but does no damage.
The ball python misses you. The giant cockroach misses you.
A dart slug comes into view.
The hobgoblin hits you.
You hit the dart slug.
The dart slug is severely wounded.
The ball python bites you but does no damage.
The ball python barely misses you. The giant cockroach barely misses you.
The dart slug launches a dart at you. The slug dart hits you.
The hobgoblin hits you.
* * * LOW HITPOINT WARNING * * *
The ball python barely misses you. x2
You hit the dart slug.
You bite the dart slug, but do no damage.
The dart slug is almost dead.
The giant cockroach barely misses you. The hobgoblin barely misses you.
The dart slug bites you.
* * * LOW HITPOINT WARNING * * *
The ball python misses you. The ball python grabs you.
The ball python constricts you.
* * * LOW HITPOINT WARNING * * *
The giant cockroach bites you.
* * * LOW HITPOINT WARNING * * *
You escape the ball python's grasp.
The hobgoblin attacks as you move away! The hobgoblin hits you.
You die...

##.. ........# #.. ...
..#####.#######.#
####.##.##............#
#.......##.###.#####..#
#.......#...#......#..#
##.........#....###.#..#
#.........###.......)...
#..........#............
#.....B@.#...#.######.##
#.....gwS##.##.. ...#
.........##.##### ###.#
.....w##.##.# #.# ......
... # #### ..##.. ..##
#~~~ .. #.. .# #~P. ..∆
.# #~PP #~P♣


You could see 2 dart slugs, a giant cockroach, a hobgoblin and a ball python.

Vanquished Creatures
  An endoplasm (D:1)
  2 goblins (D:1)
  A kobold (D:1)
  A quokka (D:1)
5 creatures vanquished.

Notes
Turn   | Place    | Note
-------+----------+-------------------------------------------
     0 | D:1      | Destructed3 the Gnoll Artificer began the quest for the
                  | Orb.
     0 | D:1      | Reached XP level 1. HP: 17/17 MP: 1/1
   343 | D:1      | Reached XP level 2. HP: 10/23 MP: 2/2
   538 | D:1      | Slain by a hobgoblin

Illustrated notes

Levels and vault maps discovered:
D:1:      lightli_arrival_farm, layout_loops_ring, ebering_ecumenical_altar_box,
          bh_walls_and_bars

Action                   || total
-------------------------++-------
Melee: Club              ||    37
       Bite              ||     4
Armor: Leather armour    ||    12
Dodge: Dodged            ||    47
